 Dungeon Crawl Stone Soup version 0.31-a0-182-gc5ef74bbde (webtiles) character file.

Game seed: 16284634908136227521

560 mopl the Chopper (level 7, -1/61 HPs)
             Began as a Hill Orc Fighter on June 19, 2023.
             Succumbed to a water moccasin's poison
             ... on level 5 of the Dungeon on June 20, 2023.
             The game lasted 00:03:38 (2795 turns).

mopl the Chopper (Hill Orc Fighter)                 Turns: 2795, Time: 00:03:39

Health: -1/61      AC: 12    Str: 21    XL:     7   Next: 31%
Magic:  7/7        EV:  8    Int:  8    God:
Gold:   170        SH:  4    Dex: 10    Spells: 6/6 levels left

rFire   . . .        a - +0 war axe
rCold   . . .        c - +0 buckler
rNeg    . . .        g - +0 chain mail
rPois   .            s - +2 hat
rElec   .            (no cloak)
rCorr   .            q - +0 pair of gloves
SInv    .            (no boots)
Will    .....        (no amulet) Stlth
                     (no ring)
HPRegen 0.30/turn    (no ring)
MPRegen 0.10/turn

%: no passive effects
@: lethally poisoned (-1 -> -21)
A: no striking features
a: no special abilities


You were on level 5 of the Dungeon.
You visited 1 branch of the dungeon, and saw 5 of its levels.
You visited the Abyss 1 time.

You collected 170 gold pieces.

Inventory:

Hand Weapons
 a - a +0 war axe (weapon)
 w - a +1 dagger of venom
Missiles
 n - 7 boomerangs
 v - 6 curare-tipped darts
Armour
 c - a +0 buckler (worn)
 g - a +0 chain mail (worn)
 q - a +0 pair of gloves (worn)
 s - a +2 hat (worn)
Wands
 u - a wand of charming (5)
 y - a wand of acid (4)
Scrolls
 b - 2 scrolls of fog {unknown}
 e - a scroll of enchant armour {unknown}
 f - a scroll of blinking {unknown}
 h - 5 scrolls of identify {unknown}
 o - a scroll of immolation {unknown}
 r - a scroll of amnesia {unknown}
 x - a scroll of butterflies {unknown}
 A - a scroll of revelation {unknown}
Potions
 d - 3 potions of might
 i - 3 potions of resistance {unknown}
 j - 2 potions of heal wounds {unknown}
 k - a potion of degeneration {unknown}
 l - a potion of berserk rage {unknown}
 m - a potion of brilliance {unknown}
 p - 2 potions of lignification {unknown}
 t - a potion of attraction {unknown}
 z - a potion of curing {unknown}


   Skills:
 + Level 5.2 Fighting
 * Level 6.2 Axes
 + Level 1.6 Throwing
 + Level 4.6 Armour
 + Level 2.1 Dodging
 - Level 3.2 Shields
 + Level 1.9 Evocations


You had 6 spell levels left.
You didn't know any spells.
Your spell library contained the following spells:

 Spells                   Type           Power      Damage    Failure   Level
 Vhi's Electric Charge    Tloc/Air       0%         N/A       100%        3
 Arcjolt                  Conj/Air       0%         1d10      100%        5
 Plasma Beam              Fire/Air       0%         2x1d10    100%        6


Dungeon Overview and Level Annotations

Branches:
Dungeon (5/15)
 Temple: D:4-7

Altars:
Fedhas
Ru
Wu Jian


Message History

The water moccasin bites you but does no damage.
The adder moves out of view.
You barely miss the black bear.
The black bear is almost dead.
You hit the water moccasin.
The black bear bites you but does no damage.
The black bear barely misses you.
The black bear claws you but does no damage.
The water moccasin bites you but does no damage.
You block the black bear's attack. The black bear closely misses you.
The black bear claws you but does no damage.
The water moccasin bites you.
You are poisoned.
The water moccasin poisons you!
You are too injured to fight recklessly!
Unknown command.
You are too injured to fight recklessly!
Unknown command.
You are too injured to fight recklessly!
You hit the water moccasin but do no damage.
The water moccasin is heavily wounded.
You slash the black bear!
You kill the black bear!
You feel very sick. The water moccasin bites you. x2
* * * LOW HITPOINT WARNING * * *
You slash the water moccasin!
The water moccasin is almost dead.
You feel sick. The water moccasin bites you.
* * * LOW HITPOINT WARNING * * *
Unknown command.
You closely miss the water moccasin.
The water moccasin is severely wounded.
You feel sick. The water moccasin bites you!
* * * LOW HITPOINT WARNING * * *
You are lethally poisoned!
The water moccasin poisons you! You block the water moccasin's attack.
You closely miss the water moccasin.
The water moccasin is severely wounded.
You die...

############
####...<.......
........#######
####S##.####
..........>#
.#.####.##.# #
#....# ###@.#
#......S†..#
.###...........
#.##..###### #.
#..# # #..#
.... ...#


You could see a water moccasin and an adder (wandering).

Vanquished Creatures
  Eustachio (D:4)
  A black bear (D:5)
  A quasit (Abyss:1)
  2 iguanas (D:4)
  Ijyb (D:4)
  An orc wizard (D:4)
  4 gnolls (D:4)
  6 adders
  2 dart slugs
  13 orcs
  5 ball pythons
  5 bats
  6 endoplasms
  3 giant cockroaches
  11 goblins
  5 hobgoblins
  2 jackals (D:2)
  5 kobolds
  A quokka (D:3)
  4 frilled lizards
  5 rats
84 creatures vanquished.

Notes
Turn   | Place    | Note
-------+----------+-------------------------------------------
     0 | D:1      | mopl the Hill Orc Fighter began the quest for the Orb.
     0 | D:1      | Reached XP level 1. HP: 19/19 MP: 1/1
   138 | D:1      | Reached skill level 3 in Axes
   142 | D:1      | Reached XP level 2. HP: 27/27 MP: 2/2
   254 | D:1      | Upgraded the game from 0.31-a0-180-g519b7de00c to
                  | 0.31-a0-182-gc5ef74bbde
   510 | D:2      | Found a sacrificial altar of Ru.
   626 | Abyss:1  | Cast into level 1 of the Abyss (goblin)
   693 | Abyss:1  | Noticed a wretched star
   696 | Abyss:1  | Reached skill level 4 in Fighting
   696 | Abyss:1  | Reached skill level 4 in Axes
   696 | Abyss:1  | Reached skill level 1 in Dodging
   696 | Abyss:1  | Reached XP level 3. HP: 27/33 MP: 3/3
   698 | D:2      | Escaped the Abyss
   708 | D:2      | Reached XP level 4. HP: 12/40 MP: 4/4
  1166 | D:3      | Reached skill level 4 in Armour
  1166 | D:3      | Reached XP level 5. HP: 47/47 MP: 5/5
  1223 | D:3      | Found an ornate altar of the Wu Jian Council.
  1279 | D:3      | Found a blossoming altar of Fedhas.
  1643 | D:3      | Reached skill level 5 in Axes
  2003 | D:4      | Reached XP level 6. HP: 24/53 MP: 6/6
  2022 | D:4      | Reached skill level 1 in Evocations
  2205 | D:4      | Reached skill level 1 in Throwing
  2216 | D:4      | Noticed Eustachio
  2278 | D:4      | Killed Eustachio
  2279 | D:4      | Reached skill level 5 in Fighting
  2279 | D:4      | Reached skill level 2 in Dodging
  2279 | D:4      | Reached XP level 7. HP: 36/61 MP: 7/7
  2409 | D:4      | Noticed Ijyb
  2421 | D:4      | Killed Ijyb
  2422 | D:4      | Reached skill level 6 in Axes
  2778 | D:5      | Entered Level 5 of the Dungeon
  2795 | D:5      | Succumbed to a water moccasin's poison

Illustrated notes

Levels and vault maps discovered:
D:1:      kennysheep_arrival_seaside, layout_basic
D:2:      layout_basic, basic_altar, minivault_23
D:3:      layout_basic, pdpol_wu_jian_five_deadly_venoms, fedhas_altar_3,
          st_stairs_10
D:4:      nicolae_cairo_tiling_very_big, layout_gridville, uniq_eustachio,
          uniq_ijyb
D:5:      layout_loops_ring, zin_academy, nicolae_underground_beach

Skill      XL: |  1  2  3  4  5  6  7 |
---------------+----------------------+-----
Axes           | 3 4 5 6 |  6.2
Fighting       | 4 5 |  5.2
Dodging        | 1 2 |  2.1
Armour         | 4 |  4.6
Evocations     | 1 |  1.9
Throwing       | 1 |  1.6
Shields        | |  3.2

Action                     |  1- 3 |  4- 6 |  7- 9 || total
---------------------------+-------+-------+-------++-------
  Melee: War axe           |    60 |   174 |    23 ||   257
         Dagger            |       |    16 |       ||    16
 Armour: Chain mail        |    73 |   115 |    25 ||   213
         Scale mail        |     2 |       |       ||     2
  Dodge: Dodged            |    35 |    87 |     9 ||   131
  Block: Buckler           |    20 |    48 |     9 ||    77

Table legend: (Time is in decaauts)
 A = Elapsed time spent in this place.
 B = Non-inter-level travel time spent in this place.
 C = Inter-level travel time spent in this place.
 D = Time resting spent in this place.
 E = Time spent auto-exploring this place.
 F = Levels seen in this place.
 G = Mean time per level.
                   A        B        C        D        E       F      G
               +--------+--------+--------+--------+--------+-----+--------+
         Total |   2871 |   2800 |     71 |    146 |   1961 |   6 |  478.5 |
       Dungeon |   2795 |   2724 |     71 |    146 |   1907 |   5 |  559.0 |
         Abyss |     75 |     75 |      0 |      0 |     54 |   1 |   75.0 |
               +--------+--------+--------+--------+--------+-----+--------+

Top non-repeatable levels by time:
     D:4: 940 daAuts
     D:3: 776 daAuts
     D:2: 548 daAuts
     D:1: 511 daAuts
 Abyss:1: 75 daAuts
     D:5: 19 daAuts
